 Dungeon Crawl Stone Soup version 0.21-a0-29-g43b3074 (webtiles) character file.

163 mopl the Covert (level 5, -1/45 HPs)
             Began as a Naga Assassin on May 26, 2017.
             Slain by an iron imp (7 damage)
             ... summoned by Natasha
             ... on level 2 of the Dungeon.
             The game lasted 00:02:53 (1644 turns).

mopl the Covert (Naga Assassin)                     Turns: 1644, Time: 00:02:53

Health: -1/45      AC:  4    Str: 13    XL:     5   Next: 44%
Magic:  5/5        EV:  9    Int: 11    God:
Gold:   128        SH:  0    Dex: 14    Spells: 4/4 levels left

rFire    + . .     SeeInvis +   b - +0 blowgun
rCold    . . .     Gourm    .   (no shield)
rNeg     . . .     Faith    .   c - +0 robe
rPois    +         Spirit   .   k - +0 helmet
rElec    .         Reflect  .   d - +0 cloak
rCorr    .         Harm     .   (no gloves)
MR       .....                  (no barding)
Stlth    +++.......             (no amulet)
Regen    0.2/turn               o - ring of protection from fire
MPRegen  0.1/turn               (no ring)

@: slowed, very slow
A: see invisible, deformed body, poison resistance, slowness 2, slow metabolism
1, spit poison 1, AC +1
a: Spit Poison


You were on level 2 of the Dungeon.
You were not hungry.

You visited 1 branch of the dungeon, and saw 2 of its levels.

You collected 128 gold pieces.

Inventory:

Hand Weapons
 a - a +2 dagger
 b - a +0 blowgun (weapon)
Missiles
 e - 7 poisoned needles (quivered)
Armour
 c - a +0 robe (worn)
 d - a +0 cloak (worn)
 k - a +0 helmet (worn)
Jewellery
 o - a ring of protection from fire (left hand)
Scrolls
 h - 4 scrolls of identify {unknown}
 l - a scroll of fear {unknown}
 n - 4 scrolls of remove curse
 p - a scroll of amnesia {unknown}
 r - 2 scrolls of magic mapping {unknown}
 u - a scroll of teleportation {unknown}
Potions
 j - 3 potions of mutation {unknown}
 m - a potion of agility {unknown}
 q - a potion of flight {unknown}
 s - a potion of heal wounds {unknown}
 t - a potion of lignification {unknown}
 v - a potion of resistance {unknown}
 z - a potion of curing {unknown}
 B - a potion of degeneration {unknown}
Comestibles
 g - 2 bread rations
 i - a royal jelly
 w - a meat ration
 x - 2 chunks of flesh


   Skills:
 - Level 2.0(1.0) Fighting
 + Level 3.3(1.6) Short Blades
 + Level 2.8(1.4) Throwing
 - Level 0.7(0.3) Dodging
 * Level 8.1(4.1) Stealth


You had 4 spell levels left.
You didn't know any spells.

Dungeon Overview and Level Annotations

Branches:
Dungeon (2/15)

Altars:
Ashenzari

Annotations:
D:2 Natasha


Innate Abilities, Weirdness & Mutations

You cannot wear boots.
Your serpentine skin is tough. (AC +1)
You have supernaturally acute eyesight. (SInv)
Armour fits poorly on your strangely shaped body.
Your system is resistant to poisons. (rPois)
You cover ground very slowly.
You have a slow metabolism.
You can spit poison.


Message History

Aim: Natasha (severely wounded)
You shoot a curare-tipped needle.
The curare-tipped needle barely misses Natasha.
You have got your breath back.
Natasha casts a spell.
Firing (i - inventory. (,) - cycle):
f - a curare-tipped needle (quivered)
Press: ? - help, Shift-Dir - straight line, f/p - Natasha
Aim: Natasha (severely wounded)
You shoot a curare-tipped needle.
The curare-tipped needle misses Natasha.
Natasha claws you but does no damage. The iron imp barely misses you.
Unknown command.
Firing (i - inventory):
e - 8 poisoned needles (quivered)
Press: ? - help, Shift-Dir - straight line, f/p - Natasha
Aim: Natasha (severely wounded)
You shoot a poisoned needle.
The poisoned needle closely misses Natasha.
Natasha barely misses you. Natasha completely misses you.
The iron imp hits you!
You die...

#.# #.#.# #.# #.# #<#.#
#.######.#######.##
#.##..............#
######.##.....(######..#
....#.##......# #..# #+#
######.##.##......######..# #.#
..........#####...........###(###
......>.....).'†@h.....(..)()....
............†.#.5.........###.#.)
....#..######.#...........###.#.#
.......#### #.##########....#.#.#
###.#.....# #.............#.#.#.#
....#.....####.....########.#.#.#
###.#..)..'..'.....+.............
<...#.....####.....########.#.#.#
#####(....##................#.#.#


You could see an iron imp and Natasha.

Vanquished Creatures
  Natasha (D:2)
  Terence (D:2)
  Robin (D:2)
  3 adders (D:2)
  2 worms (D:2)
  2 leopard geckos (D:1)
  2 ball pythons
  3 giant cockroaches
  20 goblins
  5 hobgoblins
  5 kobolds
  A quokka (D:2)
  8 bats
  3 frilled lizards
  4 rats (D:1)
61 creatures vanquished.

Notes
Turn   | Place    | Note
-------+----------+-------------------------------------------
     0 | D:1      | mopl the Naga Assassin began the quest for the Orb.
     0 | D:1      | Reached XP level 1. HP: 19/19 MP: 1/1
    39 | D:1      | Reached skill level 6 in Stealth
   229 | D:1      | Reached skill level 2 in Throwing
   229 | D:1      | Reached XP level 2. HP: 24/26 MP: 2/2
   649 | D:1      | Reached XP level 3. HP: 29/32 MP: 3/3
   842 | D:2      | Reached skill level 7 in Stealth
   842 | D:2      | Reached XP level 4. HP: 33/39 MP: 4/4
   869 | D:2      | Noticed Robin
   916 | D:2      | Killed Robin
  1070 | D:2      | Noticed Terence
  1084 | D:2      | Killed Terence
  1084 | D:2      | Reached skill level 3 in Short Blades
  1084 | D:2      | Reached XP level 5. HP: 35/45 MP: 5/5
  1414 | D:2      | Found a shattered altar of Ashenzari.
  1432 | D:2      | Became a worshipper of Ashenzari the Shackled
  1433 | D:2      | Fell from the grace of Ashenzari
  1557 | D:2      | Noticed Natasha
  1568 | D:2      | Killed Natasha
  1568 | D:2      | Reached skill level 8 in Stealth
  1628 | D:2      | Noticed Natasha
  1644 | D:2      | Slain by an iron imp

Vault maps used:
D:1:      minmay_arrival_shattered_statue, minmay_misc_feat_rugged
D:2:      ashenzari_altar_1, uniq_terence, uniq_natasha, uniq_robin

Skill      XL: |  1  2  3  4  5 |
---------------+----------------+-----
Stealth        | 6 7 8 |  8.1
Throwing       | 2 |  2.8
Short Blades   | 3 |  3.3
Fighting       | |  2.0
Dodging        | |  0.7

Action                   |  1- 3 |  4- 6 || total
-------------------------+-------+-------++-------
Melee: Dagger            |    47 |    88 ||   135
       Long sword        |       |    25 ||    25
 Fire: Blowgun           |       |     7 ||     7
Invok: Renounce Religion |       |     1 ||     1
 Abil: Spit Poison       |       |     2 ||     2
  Use: Scroll            |       |     1 ||     1
 Stab: Sleeping          |    14 |     7 ||    21
       Distracted        |     1 |       ||     1
  Eat: Chunk             |       |     2 ||     2
Armor: Robe              |     3 |    42 ||    45
Dodge: Dodged            |    11 |    50 ||    61
       Rpst.: Long sword |       |     2 ||     2
